 Dungeon Crawl Stone Soup version 0.31-a0-983-g7b6862f502 (webtiles) character file.

Game seed: 10886646229178705080

420 wildpjah the Slasher (level 7, -2/50 HPs)
             Began as a Djinni Gladiator on Nov 2, 2023.
             Slain by a gnoll
             ... wielding a +0 club
             ... led by a gnoll sergeant
              (4 damage)
             ... on level 5 of the Dungeon.
             The game lasted 00:12:14 (3588 turns).

wildpjah the Slasher (Djinni Gladiator)             Turns: 3588, Time: 00:12:15

Health: -2/50      AC:  4    Str: 13    XL:     7   Next: 16%
Gold:   219        EV: 13    Int: 10    God:
                   SH:  0    Dex: 16

rFire   + + .        a - +0 long sword
rCold   x . .        (no shield)
rNeg    . . .        b - +0 leather armour
rPois   ∞            c - +0 helmet
rElec   .            (no cloak)
rCorr   +            (no gloves)
SInv    .            (boots unavailable)
Will    +....        (no amulet)
Stlth   +            g - ring of resist corrosion
HPRegen 0.28/turn    (no ring)
MPRegen 0.00/turn

%: infuse magic (-3 HP)
@: brilliant, enlightened, flying
A: sickness immunity, fire resistance 2, cold vulnerability 1, float, innate
caster, HP casting, extra vitality 1
a: no special abilities


You were on level 5 of the Dungeon.
You visited 1 branch of the dungeon, and saw 5 of its levels.

You collected 219 gold pieces.

Inventory:

Hand Weapons
 a - a +0 long sword (weapon)
Missiles
 d - 3 throwing nets
 e - 4 javelins
Armour
 b - a +0 leather armour (worn)
 c - a +0 helmet (worn)
Magical Staves
 s - a staff of conjuration
Jewellery
 g - a ring of resist corrosion (left hand)
Wands
 y - a wand of paralysis (10)
Scrolls
 f - 8 scrolls of identify {unknown}
 h - 3 scrolls of enchant weapon {unknown}
 i - 2 scrolls of teleportation {unknown}
 k - a scroll of revelation {unknown}
 q - a scroll of fog {unknown}
 u - a scroll of vulnerability {unknown}
 x - a scroll of acquirement {unknown}
Potions
 o - a potion of attraction {unknown}
 p - a potion of degeneration {unknown}
 r - 3 potions of curing {unknown}
 t - a potion of heal wounds {unknown}
 v - a potion of haste {unknown}
 w - 2 potions of mutation {unknown}
 z - a potion of lignification {unknown}


   Skills:
 * Level 3.4 Fighting
 * Level 4.9 Long Blades
 - Level 1.6 Throwing
 - Level 0.6 Armour
 * Level 4.6 Dodging
 - Level 0.1 Stealth
 * Level 1.4 Spellcasting
 * Level 1.4 Conjurations
 * Level 1.4 Hexes
 * Level 1.4 Summonings
 * Level 1.4 Necromancy
 * Level 1.4 Translocations
 * Level 1.4 Transmutations
 * Level 1.4 Fire Magic
 * Level 1.4 Ice Magic
 * Level 1.4 Air Magic
 * Level 1.4 Earth Magic
 * Level 1.4 Poison Magic


You knew the following spells:

 Your Spells              Type           Power      Damage    Failure   Level
a - Shock                 Conj/Air       20%        1d4       24%         1
b - Scorch                Fire           10%        2d5       34%         2
c - Teleport Other        Tloc           5%         N/A       56%         3
Your spell library was empty.

Dungeon Overview and Level Annotations

Branches:
Dungeon (5/15)
 Temple: D:4-7

Altars:
Makhleb


Innate Abilities, Weirdness & Mutations

You are immune to sickness and miasma.
You are immune to poison.
Your flesh is very heat resistant. (rF++)
You are vulnerable to cold. (rC-)
You float through the air rather than walking.
You learn spells naturally, not from books.
Your magical power is your life essence.
You have superior vitality. (+4 MHP)


Message History

Aiming: Shock (safe; 24% risk of failure)
Press: ? - help, Q - select action, (/) - cycle Shift-Dir - straight line, f/p - white imp
Aim: a white imp (64% to hit)
You miscast Shock.
You are very lightly contaminated with residual magic.
Nothing appears to happen.
The white imp gestures at you. The puff of frost hits you!
You feel a terrible chill!
Aiming: Shock (safe; 24% risk of failure)
Press: ? - help, Q - select action, (/) - cycle Shift-Dir - straight line, f/p - white imp
Aim: a white imp (64% to hit)
You miscast Shock.
Nothing appears to happen.
You closely miss the white imp. The white imp closely misses you.
The gnoll barely misses you.
You hit the white imp but do no damage. The white imp hits you.
The white imp freezes you.
You feel a terrible chill!
* * * LOW HITPOINT WARNING * * *
You hit the white imp.
The white imp is moderately wounded.
The white imp gestures at you. The puff of frost misses you.
The white imp gestures at you. The puff of frost hits you!
You feel a terrible chill!
* * * LOW HITPOINT WARNING * * *
The gnoll sergeant barely misses you.
It was a potion of cancellation.
You feel magically purged.
Your magical contamination has completely faded away.
The white imp closely misses you. The gnoll sergeant closely misses you.
It was a potion of brilliance.
You feel clever all of a sudden.
The white imp hits you but does no damage.
The gnoll sergeant barely misses you.
It was a potion of enlightenment.
You feel more buoyant.
The white imp hits you but does no damage.
The gnoll sergeant hits you from afar with a +0 spear.
* * * LOW HITPOINT WARNING * * *
It was a potion of magic.
Magic washes over you without effect. The gnoll hits you with a +0 club.
You die...

... #.. ##.# #<.
...# #.# ...
.######.######...#
.................#
#.# ..#
######.#######..##
........<..gg5@...#
#.####.....####g..#
...........#...#
####..##5##.#...#
#..##.##.#.$.#
#.(##..>.#...#
#..5....g....#
#..####..##..#
........g# .#


You could see a gnoll sergeant, 2 gnolls and a white imp.

Vanquished Creatures
  A phantom (D:5)
  A scorpion (D:4)
  A jelly (D:4)
  3 iron imps (D:4)
  Jessica (D:2)
  An iguana (D:4)
  4 adders
  2 worms (D:2)
  A dart slug (D:4)
  9 orcs
  7 ball pythons
  8 endoplasms
  8 goblins
  7 hobgoblins
  6 jackals
  2 quokkas
  2 bats (D:1)
  3 frilled lizards
  2 kobolds
  5 rats
74 creatures vanquished.

Notes
Turn   | Place    | Note
-------+----------+-------------------------------------------
     0 | D:1      | wildpjah the Djinni Gladiator began the quest for the Orb.
     0 | D:1      | Reached XP level 1. HP: 18/18 MP: 0/0
   153 | D:1      | Reached XP level 2. HP: 23/23 MP: 0/0
   551 | D:1      | Reached XP level 3. HP: 25/28 MP: 0/0
   551 | D:1      | Learned a level 1 spell: Shock
   922 | D:2      | Identified the +1 robe of Uklim {Contam Stlth+ Archmagi}
  1203 | D:2      | Noticed Jessica
  1205 | D:2      | Killed Jessica
  1206 | D:2      | Reached XP level 4. HP: 22/34 MP: 0/0
  2016 | D:3      | Reached XP level 5. HP: 38/39 MP: 0/0
  2016 | D:3      | Learned a level 2 spell: Scorch
  2662 | D:4      | Reached XP level 6. HP: 39/45 MP: 0/0
  2878 | D:4      | Reached skill level 1 in Spellcasting
  2878 | D:4      | Reached skill level 1 in Conjurations
  2878 | D:4      | Reached skill level 1 in Hexes
  2878 | D:4      | Reached skill level 1 in Summonings
  2878 | D:4      | Reached skill level 1 in Necromancy
  2878 | D:4      | Reached skill level 1 in Translocations
  2878 | D:4      | Reached skill level 1 in Transmutations
  2878 | D:4      | Reached skill level 1 in Fire Magic
  2878 | D:4      | Reached skill level 1 in Ice Magic
  2878 | D:4      | Reached skill level 1 in Air Magic
  2878 | D:4      | Reached skill level 1 in Earth Magic
  2878 | D:4      | Reached skill level 1 in Poison Magic
  3068 | D:4      | Found a burning altar of Makhleb.
  3555 | D:5      | Entered Level 5 of the Dungeon
  3569 | D:5      | Reached XP level 7. HP: 37/50 MP: 0/0
  3569 | D:5      | Learned a level 3 spell: Teleport Other
  3587 | D:5      | HP: 2/50 [gnoll sergeant/+0 spear (3)]
  3588 | D:5      | Slain by a gnoll

Illustrated notes

Levels and vault maps discovered:
D:1:      minmay_arrival_shoal_huts, layout_loops_ring,
          dreamdust_princess_corridor
D:2:      layout_loops_corners, uniq_jessica
D:3:      layout_rooms
D:4:      layout_basic, demons_altar, serial_bayou_pond_d, hangedman_decor_push
D:5:      layout_loops_ring, mainiacjoe_overflow_chevrons,
          mainiacjoe_overflow_24_doors, minmay_holes, minmay_misc_feat_encased,
          feat_on_display, uniq_pikel

Skill      XL: |  1  2  3  4  5  6 |
---------------+-------------------+-----
Long Blades    | 3 4 |  4.9
Dodging        | 4 |  4.6
Fighting       | 3 |  3.4
Spellcasting   | 1 |  1.4
Conjurations   | 1 |  1.4
Hexes          | 1 |  1.4
Summonings     | 1 |  1.4
Necromancy     | 1 |  1.4
Translocations | 1 |  1.4
Transmutations | 1 |  1.4
Fire Magic     | 1 |  1.4
Ice Magic      | 1 |  1.4
Air Magic      | 1 |  1.4
Earth Magic    | 1 |  1.4
Poison Magic   | 1 |  1.4
Throwing       | |  1.6
Armour         | |  0.6
Stealth        | |  0.1

Action                     |  1- 3 |  4- 6 |  7- 9 || total
---------------------------+-------+-------+-------++-------
  Melee: Long sword        |    82 |   137 |     3 ||   222
         Punch             |       |     2 |       ||     2
  Throw: Javelin           |       |     2 |       ||     2
   Cast: Shock             |    18 |    46 |     1 ||    65
    Use: Potion            |       |       |     4 ||     4
   Stab: Sleeping          |     1 |       |       ||     1
 Armour: Leather armour    |    58 |    73 |     8 ||   139
  Dodge: Dodged            |    60 |   107 |     7 ||   174

Table legend: (Time is in decaauts)
 A = Elapsed time spent in this place.
 B = Non-inter-level travel time spent in this place.
 C = Inter-level travel time spent in this place.
 D = Time resting spent in this place.
 E = Time spent auto-exploring this place.
 F = Levels seen in this place.
 G = Mean time per level.
                   A        B        C        D        E       F      G
               +--------+--------+--------+--------+--------+-----+--------+
         Total |   3635 |   3516 |    119 |     55 |   2799 |   5 |  727.0 |
       Dungeon |   3635 |   3516 |    119 |     55 |   2799 |   5 |  727.0 |
               +--------+--------+--------+--------+--------+-----+--------+

Top non-repeatable levels by time:
     D:2: 1178 daAuts
     D:4: 979 daAuts
     D:1: 803 daAuts
     D:3: 638 daAuts
     D:5: 34 daAuts
